 Dungeon Crawl Stone Soup version 0.31-a0-1008-g5b978dac0e (webtiles) character file.

Game seed: 13502367713332786052

99 Descartes the Digger (level 5, -5/35 HPs)
             Began as a Formicid Earth Elementalist on Nov 12, 2023.
             Slain by an iguana (6 damage)
             ... on level 3 of the Dungeon.
             The game lasted 00:04:56 (2406 turns).

Descartes the Digger (Formicid Earth Elementalist)  Turns: 2406, Time: 00:04:57

Health: -5/35      AC:  2    Str: 12 (15) XL:     5   Next: 2%
Magic:  7/10       EV: 12    Int: 11 (14) God:
Gold:   61         SH:  0    Dex: 12 (14) Spells: 9/10 levels left

rFire   . . .        c - +3 short sword
rCold   . . .        (no shield)
rNeg    . . .        a - +0 robe
rPois   .            (helmet unavailable)
rElec   .            (no cloak)
rCorr   .            (no gloves)
SInv    +            (no boots)
Will    .....        (no amulet)
Stlth   ++           (no ring)
HPRegen 0.25/turn    (no ring)
MPRegen 0.12/turn

%: no passive effects
@: no status effects
A: permanent stasis, dig shafts and tunnels, antennae 3, four strong arms
a: Dig, Shaft Self


You were on level 3 of the Dungeon.
You visited 1 branch of the dungeon, and saw 3 of its levels.

You collected 61 gold pieces.

Inventory:

Hand Weapons
 c - a +3 short sword (weapon)
 l - a +1 hand axe of flaming
Armour
 a - a +0 robe (worn)
Talismans
 d - a blade talisman
 e - a dragon-blood talisman
Scrolls
 f - 2 scrolls of identify {unknown}
 h - 2 scrolls of torment {unknown}
 i - a scroll of teleportation {unknown}
 j - a scroll of enchant weapon {unknown}
Potions
 b - a potion of magic
 k - a potion of brilliance {unknown}


   Skills:
 - Level 1.7 Dodging
 - Level 2.4 Stealth
 + Level 3.3 Spellcasting
 + Level 1.9 Conjurations
 - Level 1.1 Transmutations
 + Level 4.7 Earth Magic


You had 9 spell levels left.
You knew the following spells:

 Your Spells              Type           Power      Damage    Failure   Level
a - Sandblast             Erth           24%        2d8       3%          1

Your spell library contained the following spells:

 Spells                   Type           Power      Damage    Failure   Level
 Passwall                 Tmut/Erth      6%         N/A       12%         2
 Stone Arrow              Conj/Erth      18%        3d8       19%         3
 Brom's Barrelling Bould  Conj/Erth      9%         2d3       54%         4
 Petrify                  Tmut/Erth      8%         N/A       61%         4


Dungeon Overview and Level Annotations

Branches:
Dungeon (3/15)

Altars:

Shops:
D:1 (   D:2 ?


Innate Abilities, Weirdness & Mutations

You cannot be hasted, slowed, berserked, paralysed or teleported.
You can dig through walls and to a lower floor.
You have a pair of large antennae on your head. (SInv)
Your four strong arms can wield two-handed weapons with a shield.


Message History

Confirm with . or Enter, or press ? or * to list all spells.
Aiming: Sandblast (safe; 3% risk of failure)
Press: ? - help, Shift-Dir - straight line, f/p - iguana
Aim: an iguana (84% to hit)
The blast of sand hits the iguana.
The iguana is lightly wounded.
The iguana bites you but does no damage.
The kobold closely misses you.
Casting: Sandblast (safe; 3% risk of failure)
Confirm with . or Enter, or press ? or * to list all spells.
Aiming: Sandblast (safe; 3% risk of failure)
Press: ? - help, Shift-Dir - straight line, f/p - iguana
Aim: an iguana (lightly wounded, 84% to hit)
The blast of sand hits the iguana.
The iguana is heavily wounded.
The kobold hits you but does no damage. The iguana bites you.
The iguana barely misses you. The kobold hits you with a +0 club.
The kobold attacks as it pursues you! The kobold hits you with a +0 club.
The iguana hisses menacingly.
The iguana hisses menacingly.
The iguana attacks as it pursues you! The iguana bites you!
The kobold attacks as it pursues you! The kobold hits you with a +0 club.
* * * LOW HITPOINT WARNING * * *
Things that are here:
a +0 dagger; a kobold corpse The iguana attacks as it pursues you!
The iguana bites you.
* * * LOW HITPOINT WARNING * * *
Casting: Sandblast (safe; 3% risk of failure)
Confirm with . or Enter, or press ? or * to list all spells.
Aiming: Sandblast (safe; 3% risk of failure)
Press: ? - help, Shift-Dir - straight line, f/p - iguana
Aim: an iguana (heavily wounded, 84% to hit)
The blast of sand misses the iguana.
The iguana bites you.
* * * LOW HITPOINT WARNING * * *
Unknown command.
It was a potion of degeneration.
There was something very wrong with that liquid.
You feel weakened.
You feel dopey.
You feel clumsy. The iguana bites you.
You die...

#.......#.# ##........#
####### #........#### #.....#
#...†.......# ##.##.#
#........#### #.##.#
#...........#
#.##.##########.......###.#
#.##.##.......l.......###.##..
#.##.##......@K............†..
#.##.##...........)...######..
#.##.##...............#
#.##.##........####......
#.##.##........# #.#####
#.#............# #.#
#.#####...÷....# #.# . #.###
##.#...######.# . . #...#
#.###........#.#.#


You could see an iguana and a kobold.

Vanquished Creatures
  5 adders
  2 worms (D:2)
  3 dart slugs
  4 endoplasms (D:1)
  6 goblins
  A hobgoblin (D:3)
  3 jackals (D:2)
  2 quokkas (D:1)
  A ball python (D:2)
  4 bats
  2 frilled lizards
  6 kobolds
  9 rats
48 creatures vanquished.

Notes
Turn   | Place    | Note
-------+----------+-------------------------------------------
     0 | D:1      | Descartes the Formicid Earth Elementalist began the quest
                  | for the Orb.
     0 | D:1      | Reached XP level 1. HP: 13/13 MP: 3/3
   105 | D:1      | Found Waseggotu's Weapon Emporium.
   169 | D:1      | Reached XP level 2. HP: 19/19 MP: 3/5
   405 | D:1      | Found a faded altar of an unknown god.
   722 | D:1      | Reached skill level 4 in Earth Magic
   810 | D:1      | Reached skill level 1 in Conjurations
   895 | D:1      | Reached XP level 3. HP: 24/24 MP: 5/7
  1241 | D:2      | Found Ysoaw's Magic Scroll Boutique.
  1490 | D:2      | Reached XP level 4. HP: 30/30 MP: 5/8
  2342 | D:3      | Reached XP level 5. HP: 35/35 MP: 8/10
  2405 | D:3      | HP: 1/35 [iguana (4)]
  2406 | D:3      | Slain by an iguana

Illustrated notes

Levels and vault maps discovered:
D:1:      scummos_arrival_simple_fountains, layout_basic, serial_shops,
          nicolae_shop_bloodbath_and_beyond, basic_ecumenical_altar,
          minmay_misc_feat_columns
D:2:      layout_loops_corners, serial_shops, shop, chequers_arboretum
D:3:      layout_basic, serial_shops, nicolae_shop_just_a_little_nook,
          gammafunk_ghost_necromancy, kennysheep_generic_room_8

Skill      XL: |  1  2  3 |
---------------+----------+-----
Earth Magic    | 4 |  4.7
Conjurations   | 1 |  1.9
Spellcasting   | 3 |  3.3
Dodging        | |  1.7
Stealth        | |  2.4
Transmutations | |  1.1

Action                     |  1- 3 |  4- 6 || total
---------------------------+-------+-------++-------
   Cast: Sandblast         |    40 |    33 ||    73
    Use: Potion            |       |     1 ||     1
 Armour: Robe              |     4 |    18 ||    22
  Dodge: Dodged            |     4 |    10 ||    14

Table legend: (Time is in decaauts)
 A = Elapsed time spent in this place.
 B = Non-inter-level travel time spent in this place.
 C = Inter-level travel time spent in this place.
 D = Time resting spent in this place.
 E = Time spent auto-exploring this place.
 F = Levels seen in this place.
 G = Mean time per level.
                   A        B        C        D        E       F      G
               +--------+--------+--------+--------+--------+-----+--------+
         Total |   2441 |   2360 |     81 |      0 |   2068 |   3 |  813.7 |
       Dungeon |   2441 |   2360 |     81 |      0 |   2068 |   3 |  813.7 |
               +--------+--------+--------+--------+--------+-----+--------+

Top non-repeatable levels by time:
     D:2: 1103 daAuts
     D:1: 1074 daAuts
     D:3: 264 daAuts
